AoeStats
← Mob Psycho 100

African Clearing

510644138Analyzed
4v4 RM · 9h ago on Oct 1, 2026· 54m 20s· 8 players
Game mode
Random Map
Map size
Large (8 player)
Population
200
Speed
Normal
Resources
Standard
Victory
Conquest
Starting age
Dark Age
Ending age
Imperial Age
RankedLock teamsTeams togetherTeam positionsShared explorationLock speedFull tech treeHidden civsTurbo modeCheats
Victory
Defeat
🇦🇷 Teutons · Argentina
1127
+11
🇧🇴 Britons · Bolivia
1092
+12
🇨🇦 Mongols · Canada
1085
+12
🇨🇱 Berbers · Chile
1054
+13
🇦🇷 Inca · Argentina
1032
-13
🇦🇷 Byzantines · Argentina
994
-12
🇦🇷 Persians · Argentina
988
-12
🇦🇷 Byzantines · Argentina
986
-11
Monotributista Furioso
8:19 Loom
14:06 Feudal Age
14:40 Town Watch
18:37 Fletching
23:33 Double-Bit Axe
26:42 Castle Age
28:48 Wheelbarrow
36:01 Hand Cart
36:09 Horse Collar
36:51 Scale Mail Armor
36:40 Gambesons
38:17 Bow Saw
38:27 Fervor
38:43 Forging
40:15 Iron Casting
40:19 Chain Mail Armor
40:29 Redemption
40:33 Squires
40:32 Arson
46:40 Imperial Age
45:26 Ballistics
45:36 Bodkin Arrow
46:21 Heavy Plow
46:23 Padded Archer Armor
46:37 Gold Mining
46:39 Stone Mining
49:45 Plate Mail Armor
50:19 Blast Furnace
50:27 Chemistry
50:33 Two-Man Saw
50:07 Block Printing
50:43 Conscription
50:47 Ironclad
50:27 Elite Teutonic Knight
54:31 Hoardings
54:04 Siege Engineers
53:56 Guard Tower
EL PAJA
4:08 Loom
19:10 Feudal Age
28:17 Castle Age
26:16 Man-at-Arms
26:42 Arson
28:32 Forging
28:23 Scale Mail Armor
29:37 Long Swordsman
30:19 Squires
31:46 Double-Bit Axe
35:51 Bow Saw
36:54 Gold Mining
36:55 Stone Mining
40:27 Imperial Age
38:26 Bloodlines
38:17 Husbandry
38:08 Light Cavalry
40:48 Gold Shaft Mining
40:48 Stone Shaft Mining
40:18 Husbandry
40:59 Fletching
41:09 Padded Archer Armor
42:10 Ballistics
42:52 Chemistry
42:13 Ballistics
42:37 Wheelbarrow
41:48 Town Watch
43:40 Heavy Camel Rider
48:48 Elite Camel Archer
51:25 Hand Cart
51:36 Bodkin Arrow
51:56 Leather Archer Armor
Mob Psycho 100
13:49 Feudal Age
14:29 Double-Bit Axe
17:33 Castle Age
16:10 Loom
32:00 Imperial Age
35:05 Fletching
36:19 Bodkin Arrow
38:19 Wheelbarrow
38:06 Bracer
39:48 Masonry
41:12 Yeomen
41:12 Hand Cart
41:32 Capped Ram
44:18 Crossbowman
45:03 Padded Archer Armor
44:58 Horse Collar
45:34 Bow Saw
45:04 Arbalester
46:19 Forging
48:20 Chemistry
47:40 Ballistics
47:49 Husbandry
48:00 Scale Barding Armor
49:01 Chain Barding Armor
51:02 Plate Barding Armor
52:24 Iron Casting
54:07 Town Watch
thegladiator989
7:25 Loom
15:49 Feudal Age
17:13 Wheelbarrow
20:19 Castle Age
18:27 Double-Bit Axe
19:06 Horse Collar
21:26 Heavy Plow
27:36 Forging
29:20 Bloodlines
28:31 Light Cavalry
29:40 Hand Cart
30:43 Fletching
31:29 Iron Casting
32:51 Stone Mining
33:20 Bodkin Arrow
33:25 Padded Archer Armor
35:08 Stone Shaft Mining
34:57 Town Watch
38:12 Imperial Age
36:34 Gold Mining
38:20 Bow Saw
38:27 Leather Archer Armor
38:18 Scale Barding Armor
38:15 Husbandry
39:19 Drill
39:20 Conscription
39:03 Capped Ram
39:23 Heavy Camel Rider
40:06 Bracer
40:50 Masonry
42:28 Murder Holes
44:02 Ballistics
43:34 Siege Ram
44:41 Siege Engineers
45:53 Hoardings
45:58 Heavy Scorpion
47:46 Hoardings
49:12 Town Patrol
51:38 Blast Furnace
50:59 Chain Barding Armor
50:02 Hussar
52:17 Elite Mangudai
54:03 Gold Shaft Mining
NeXt
15:40 Feudal Age
15:37 Man-at-Arms
16:40 Double-Bit Axe
19:11 Scale Mail Armor
21:40 Castle Age
20:03 Horse Collar
21:12 Stone Mining
21:32 Arson
21:59 Forging
24:04 Bow Saw
23:41 Loom
26:33 Squires
28:48 Town Watch
32:28 Stone Shaft Mining
31:43 Gold Mining
34:27 Wheelbarrow
36:06 Town Patrol
37:32 Scale Barding Armor
37:43 Fletching
39:58 Light Cavalry
42:19 Bloodlines
42:24 Husbandry
42:01 Pikeman
44:53 Hand Cart
45:21 Murder Holes
53:39 Imperial Age
El D14ablo
4:29 Loom
15:10 Feudal Age
19:03 Castle Age
18:27 Fletching
19:29 Padded Archer Armor
19:18 Double-Bit Axe
20:36 Bodkin Arrow
21:24 Elite Skirmisher
25:45 Wheelbarrow
34:50 Imperial Age
38:50 Ballistics
39:31 Chemistry
39:12 Bracer
45:35 Thumb Ring
45:58 Leather Archer Armor
49:25 Ring Archer Armor
muygamers
13:32 Feudal Age
14:20 Double-Bit Axe
16:10 Horse Collar
18:02 Forging
17:55 Scale Mail Armor
17:30 Champi Runner
24:11 Castle Age
22:48 Gold Mining
22:52 Stone Mining
23:35 Gold Mining
24:05 Arson
24:48 Champi Warrior
26:10 Bow Saw
26:56 Heavy Plow
28:42 Iron Casting
29:22 Chain Mail Armor
32:45 Gold Shaft Mining
35:21 Ballistics
41:37 Imperial Age
39:25 Fletching
39:36 Padded Archer Armor
40:46 Bodkin Arrow
41:07 Leather Archer Armor
42:46 Wheelbarrow
41:57 Town Watch
42:40 Conscription
42:48 Elite Skirmisher
43:34 Thumb Ring
44:24 Hand Cart
Bondiolamaster
7:39 Loom
17:01 Feudal Age
29:59 Castle Age
28:46 Double-Bit Axe
36:01 Husbandry
36:30 Forging
36:27 Scale Barding Armor
38:09 Iron Casting
44:07 Wheelbarrow
Connection lost

Rejoining the realm…

Still unreachable

The connection could not be restored.

Session expired

The server has moved on; the page needs a fresh start.